 Dungeon Crawl Stone Soup version 0.29.1-1-gd02db6906a (webtiles) character file.

Game seed: 10209262581643223868

91 GigaChad the Trooper (level 4, -2/44 HPs)
             Began as a Minotaur Fighter on Sept 29, 2022.
             Slain by Grinder (4 damage)
             ... on level 3 of the Dungeon.
             The game lasted 00:04:36 (1741 turns).

GigaChad the Trooper (Minotaur Fighter)             Turns: 1741, Time: 00:04:37

Health: -2/44      AC: 10    Str: 23    XL:     4   Next: 33%
Magic:  3/3        EV:  9    Int:  5    God:
Gold:   165        SH:  4    Dex:  9    Spells: 3/3 levels left

rFire   . . .      SeeInvis .   a - +0 long sword
rCold   . . .      Faith    .   c - +0 buckler
rNeg    . . .      Spirit   .   b - +0 scale mail
rPois   .          Reflect  .   (helmet restricted)
rElec   .          Harm     .   f - +2 cloak
rCorr   .          Rampage  .   (no gloves)
Will    .....                   (no boots)
Stlth   ..........              (no amulet)
HPRegen 0.14/turn               (no ring)
MPRegen 0.08/turn               (no ring)

@: no status effects
A: horns 2, retaliatory headbutt
a: no special abilities


You were on level 3 of the Dungeon.
You visited 1 branch of the dungeon, and saw 3 of its levels.

You collected 165 gold pieces.

Inventory:

Hand Weapons
 a - a +0 long sword (weapon)
 j - a +0 vampiric hand axe
Missiles
 e - 6 atropa-tipped darts (quivered)
 k - 2 throwing nets
Armour
 b - a +0 scale mail (worn)
 c - a +0 buckler (worn)
 f - a +2 cloak (worn)
Scrolls
 g - a scroll of magic mapping {unknown}
 i - a scroll of identify
 l - a scroll of immolation
 m - a scroll of fear {unknown}
 n - a scroll of fog {unknown}
Potions
 d - a potion of might
 h - a potion of curing {unknown}


   Skills:
 + Level 6.2 Fighting
 - Level 2.4 Long Blades
 - Level 3.6 Armour
 - Level 3.6 Shields


You had 3 spell levels left.
You didn't know any spells.
Your spell library was empty.

Dungeon Overview and Level Annotations

Branches:
Dungeon (3/15)

Altars:

Shops:
D:2 [

Annotations:
D:3 Grinder


Innate Abilities, Weirdness & Mutations

You have a pair of horns on your head.
You reflexively headbutt those who attack you in melee.


Message History

You hit the giant cockroach.
You kill the giant cockroach!
A rat comes into view.
Grinder blinks!
You see here a giant cockroach corpse.
You see here a giant cockroach corpse.
You closely miss the rat. The rat bites you but does no damage.
You slash the rat!
You kill the rat!
Grinder gestures at you.
You suddenly lose the ability to move!
Grinder gestures at you. Pain shoots through your body! Grinder hits you.
You writhe in agony.
Grinder gestures at you. Pain shoots through your body!
Grinder hits you but does no damage.
You can move again.
Grinder hits you.
You writhe in agony.
* * * LOW HITPOINT WARNING * * *
You slash Grinder! Your headbutt misses Grinder.
Grinder is moderately wounded.
Grinder says, "FISH!"
Grinder hits you.
* * * LOW HITPOINT WARNING * * *
You slash Grinder!
Grinder is heavily wounded.
Grinder barely misses you.
You barely miss Grinder.
Grinder is heavily wounded.
Grinder hits you but does no damage.
Grinder blinks!
Grinder gestures at you. Pain shoots through your body!
* * * LOW HITPOINT WARNING * * *
Grinder gestures at you. You resist with significant effort.
You closely miss Grinder.
Grinder is moderately wounded.
Grinder hits you.
You die...

##### .. ... . #
#.# .##. # #<#
... ... #.# ..#
#...###.###..##.#
.......†.........
#........@5......
........###.#.#.#
......... .# #
#...###.## # #...
#.# ... ... ..
... ...


You could see Grinder.

Vanquished Creatures
  3 adders (D:2)
  2 worms (D:2)
  A dart slug (D:2)
  6 bats
  2 endoplasms (D:2)
  4 giant cockroaches
  8 goblins
  5 hobgoblins
  4 quokkas (D:1)
  4 ball pythons
  3 frilled lizards
  4 kobolds
  9 rats
55 creatures vanquished.

Notes
Turn   | Place    | Note
-------+----------+-------------------------------------------
     0 | D:1      | GigaChad the Minotaur Fighter began the quest for the Orb.
     0 | D:1      | Reached XP level 1. HP: 19/19 MP: 0/0
   185 | D:1      | Reached skill level 4 in Fighting
   291 | D:1      | Reached XP level 2. HP: 27/27 MP: 1/1
   640 | D:1      | Found a faded altar of an unknown god.
   872 | D:1      | Reached skill level 5 in Fighting
  1224 | D:2      | Reached XP level 3. HP: 36/36 MP: 2/2
  1484 | D:2      | Reached XP level 4. HP: 44/44 MP: 3/3
  1490 | D:2      | Reached skill level 6 in Fighting
  1659 | D:2      | Found Gikkyny's Armour Shoppe.
  1719 | D:3      | Noticed Grinder
  1728 | D:3      | Paralysed by Grinder for 5 turns
  1738 | D:3      | HP: 2/44 [Grinder/nerve-wracking pain (6)]
  1741 | D:3      | Slain by Grinder

Illustrated notes

Levels and vault maps discovered:
D:1:      elethiomel_arrival_infinity_welcomes_careful_drivers, layout_basic,
          nicolae_ecumenical_lake_church, minmay_misc_feat_tower
D:2:      layout_basic, serial_shops, shop, minmay_circled_x
D:3:      layout_basic, amcnicky_altar_gilded, uniq_grinder

Skill      XL: |  1  2  3  4 |
---------------+-------------+-----
Fighting       | 4 5 6 |  6.2
Long Blades    | |  2.4
Armour         | |  3.6
Shields        | |  3.6

Action                   |  1- 3 |  4- 6 || total
-------------------------+-------+-------++-------
Melee: Long sword        |    93 |    20 ||   113
       Headbutt          |    10 |     3 ||    13
Throw: Dart              |     2 |       ||     2
  Use: Scroll            |     3 |       ||     3
Armor: Scale mail        |    70 |    16 ||    86
Dodge: Dodged            |    66 |     6 ||    72
Block: Buckler           |    25 |     2 ||    27
